 Dungeon Crawl Stone Soup version 0.21.0-24-g2553a33 (webtiles) character file.

149 pokedragonboy the Insei (level 5, -4/33 HPs)
             Began as an Octopode Transmuter on Jan 21, 2018.
             Slain by a slave (9 damage)
             ... led by Pikel
             ... on level 3 of the Dungeon.
             The game lasted 00:12:06 (3693 turns).

pokedragonboy the Insei (Octopode Transmuter)       Turns: 3693, Time: 00:12:07

Health: -4/33      AC:  1    Str:  9    XL:     5   Next: 31%
Magic:  4/9        EV: 16    Int: 17    God:
Gold:   156        SH:  0    Dex: 12    Spells: 3/9 levels left

rFire    . . .     SeeInvis +     - Unarmed
rCold    . . .     Gourm    .   (no shield)
rNeg     . . .     Faith    .   (helmet restricted)
rPois    .         Spirit   .   (no amulet)
rElec    .         Reflect  .   g - +3 ring of evasion
rCorr    .         Harm     .   i - ring of see invisible
MR       .....                  u - ring of stealth
Stlth    +++.......             (no ring)
HPRegen  0.11/turn              (no ring)
MPRegen  0.11/turn              (no ring)
                                (no ring)
                                (no ring)

@: lethally poisoned (-4 -> -6)
A: almost no armour, stealthy swim, amphibious, 8 rings, constrict 8, camouflage
1, gelatinous body 1
a: no special abilities


You were on level 3 of the Dungeon.
You were hungry.

You visited 1 branch of the dungeon, and saw 4 of its levels.

You collected 156 gold pieces.

Inventory:

Missiles
 a - 104 arrows
Jewellery
 g - a +3 ring of evasion (left tentacle)
 i - a ring of see invisible (right tentacle)
 u - a ring of stealth (on tentacle)
Scrolls
 d - a scroll of amnesia {unknown}
 e - a scroll of enchant armour
 h - a scroll of enchant weapon {unknown}
 n - a scroll of remove curse
 o - a scroll of blinking {unknown}
 r - a scroll of fog {unknown}
Potions
 f - a potion of curing {unknown}
 l - a potion of brilliance
 p - a potion of haste {unknown}
 s - a potion of cancellation {unknown}
 t - a potion of lignification {unknown}
Books
 b - a book of Changes

   Spells                             Type                      Level
   a - Beastly Appendage              Transmutation                1
   b - Sticks to Snakes               Transmutation                2
   c - Spider Form                    Transmutation/Poison         3
   d - Ice Form                       Ice/Transmutation            4
   e - Blade Hands                    Transmutation                5
Comestibles
 c - 7 rations


   Skills:
 - Level 1.0 Fighting
 - Level 2.0 Dodging
 + Level 3.7 Unarmed Combat
 + Level 2.8 Spellcasting
 + Level 3.3 Transmutations
 * Level 2.8 Poison Magic


You had 3 spell levels left.
You knew the following spells:

 Your Spells              Type           Power        Failure   Level  Hunger
a - Beastly Appendage     Tmut           ##....       4%          1    #......
b - Sticks to Snakes      Tmut           ##......     7%          2    ##.....
c - Spider Form           Tmut/Pois      ##........   16%         3    ###....


Dungeon Overview and Level Annotations

Branches:
Dungeon (4/15)
 Temple: D:4-7

Altars:
Ashenzari
Nemelex Xobeh
Okawaru
Xom
Yredelemnul

Annotations:
D:3 Wulfston's ghost, amateur GnBe
D:4 Pikel


Innate Abilities, Weirdness & Mutations

You cannot wear most types of armour.
You are very stealthy in the water. (Stealth+)
You are amphibious.
You can wear up to eight rings at the same time.
You can use your tentacles to constrict eight enemies at once.
Your skin changes colour to match your surroundings (Stealth+).
Your rubbery body absorbs attacks. (AC +1, EV +1)


Message History

The adder misses you.
Found a ring mail.
The adder closely misses you.
There is a stone staircase leading up here.
The adder bites you.
* * * LOW HITPOINT WARNING * * *
You are poisoned.
The adder poisons you! The frilled lizard bites you.
* * * LOW HITPOINT WARNING * * *
Pikel scowls and wipes his hands on his robe.
The slave closely misses you. The slave misses you.
You climb upwards.
Level annotation: Wulfston's ghost, amateur GnBe You feel sick.
There is a stone staircase leading down here.
Unknown command.
Okay, then.
The adder misses you. The slave barely misses you.
You feel sick. The slave hits you!
You die...

..###.# #.....# ##..... ### #.#
#.P.P.# ##..>... #.# #.._..##
#....... ###.##### #.P.P..#
###...... ###.......# #).....#
#........
.##.#.###.#######.....###.###...#
.##.#.###.#...............####..#
......)........p.....>.......#..#
.##.#...#.#..plS@.W.......##.#..#
.##.......#######...#####........
###.......# #...# ####.....
#.......# #...# #..#.. #.#...#.#
###...# #..#.. #.......# #.....#
#..... ######.###### #.#..(###
##....♣ .......)....###'##....#
#..♣PPP .......####.##8.8#.##.#
#..♣...


You could see 2 slaves, Wulfston's ghost, an adder and a frilled lizard.

Vanquished Creatures
  3 gnolls (D:2)
  3 adders
  A worm (D:2)
  3 dart slugs
  6 leopard geckos
  10 bats
  6 giant cockroaches
  7 goblins
  11 hobgoblins
  2 quokkas (D:3)
  7 frilled lizards
  6 kobolds
  5 rats
70 creatures vanquished.

Vanquished Creatures (collateral kills)
  A gnoll (D:2)
1 creature vanquished.

Grand Total: 71 creatures vanquished

Notes
Turn   | Place    | Note
-------+----------+-------------------------------------------
     0 | D:1      | pokedragonboy the Octopode Transmuter began the quest for the Orb.
     0 | D:1      | Reached XP level 1. HP: 13/13 MP: 3/3
    84 | D:1      | Reached XP level 2. HP: 10/18 MP: 3/5
   103 | D:1      | Learned a level 2 spell: Sticks to Snakes
   770 | D:1      | Reached XP level 3. HP: 23/23 MP: 4/6
   829 | D:1      | Learned a level 3 spell: Spider Form
  1299 | D:2      | Reached skill level 1 in Poison Magic
  1589 | D:2      | Reached XP level 4. HP: 11/28 MP: 3/7
  2708 | D:3      | Found a basalt altar of Yredelemnul.
  2774 | D:3      | Reached XP level 5. HP: 32/33 MP: 7/9
  2933 | D:3      | Noticed Wulfston's ghost (amateur GnBe)
  3202 | D:3      | Found a basalt altar of Yredelemnul.
  3205 | D:3      | Found a stormy altar of Qazlal.
  3205 | D:3      | Found an iron altar of Okawaru.
  3207 | D:3      | Found a sparkling altar of Nemelex Xobeh.
  3207 | D:3      | Found a shimmering altar of Xom.
  3207 | D:3      | Found a shattered altar of Ashenzari.
  3567 | D:4      | Noticed a phantom
  3636 | D:4      | Noticed a slave
  3636 | D:4      | Noticed a slave
  3637 | D:4      | Noticed Pikel
  3637 | D:4      | Noticed a slave
  3637 | D:4      | Noticed a slave
  3693 | D:3      | Slain by a slave

Skill      XL: |  1  2  3  4 |
---------------+-------------+-----
Transmutations | 3 |  3.3
Poison Magic   | 1 2 |  2.8
Fighting       | |  1.0
Dodging        | |  2.0
Unarmed Combat | |  3.7
Spellcasting   | |  2.8

Action                   |  1- 3 |  4- 6 || total
-------------------------+-------+-------++-------
Melee: Unarmed           |    69 |   130 ||   199
       Kick              |    17 |    24 ||    41
       Constrict         |    17 |    29 ||    46
       Tentacles         |    10 |    20 ||    30
       Punch             |       |     1 ||     1
 Cast: Beastly Appendage |    17 |    28 ||    45
       Sticks to Snakes  |     4 |    13 ||    17
       Spider Form       |       |     4 ||     4
  Use: Scroll            |     1 |     9 ||    10
       Potion            |       |     1 ||     1
 Stab: Sleeping          |     2 |     3 ||     5
       Distracted        |       |     1 ||     1
  Eat: Chunk             |     2 |     8 ||    10
Armor: Skin              |    11 |    10 ||    21
Dodge: Dodged            |    51 |   103 ||   154
